 Dungeon Crawl Stone Soup version 0.29-a0-563-g64e4043184 (webtiles) character file.

Game seed: 14142486376157220716

31 freelancePsychic the Ducker (level 3, 27/27 HPs)
             Began as a Barachi Wanderer on June 11, 2022.
             Was a Follower of Sif Muna.
             Quit the game on level 1 of the Dungeon on June 12, 2022.
             The game lasted 00:02:29 (1018 turns).

freelancePsychic the Ducker (Barachi Wanderer)      Turns: 1018, Time: 00:02:29

Health: 27/27      AC:  9    Str: 16    XL:     3   Next: 22%
Magic:  3/3        EV:  7    Int: 10    God:    Sif Muna [*.....]
Gold:   21         SH:  0    Dex: 12    Spells: 2/2 levels left

rFire   . . .      SeeInvis .   c - +0 spear
rCold   . . .      Faith    .   (no shield)
rNeg    . . .      Spirit   .   k - +0 chain mail
rPois   .          Reflect  .   d - +0 helmet
rElec   .          Harm     .   (no cloak)
rCorr   .          Rampage  .   (no gloves)
Will    .....                   (no boots)
Stlth   ..........              (no amulet)
HPRegen 0.09/turn               (no ring)
MPRegen 0.08/turn               (no ring)

@: slow
A: amphibious, slowness 1, strong legs 1, +LOS
a: Hop, Renounce Religion, Channel Magic


You were on level 1 of the Dungeon.
You worshipped Sif Muna.
Sif Muna was aware of your devotion.
You visited 1 branch of the dungeon, and saw 1 of its levels.

You collected 21 gold pieces.

Inventory:

Hand Weapons
 a - a +2 dagger
 c - a +0 spear (weapon)
Armour
 d - a +0 helmet (worn)
 f - a +0 leather armour
 k - a +0 chain mail (worn)
Jewellery
 g - a ring of magical power
Scrolls
 e - a scroll of summoning
 j - a scroll of fog {unknown}
 l - a scroll of identify {unknown}
Potions
 b - a potion of brilliance
 h - a potion of might {unknown}
 i - a potion of heal wounds {unknown}
 m - a potion of invisibility {unknown}


   Skills:
 + Level 2.0 Fighting
 + Level 2.2 Polearms
 - Level 1.0 Throwing
 + Level 1.3 Armour
 - Level 3.2 Dodging
 - Level 3.0 Stealth


You had 2 spell levels left.
You didn't know any spells.
Your spell library was empty.

Dungeon Overview and Level Annotations

Branches:
Dungeon (1/15)

Altars:
Sif Muna


Innate Abilities, Weirdness & Mutations

You are amphibious.
You cover ground slowly.
You can hop short distances.
You have an extended range of vision and can be seen from far away.


Message History

No target in view!
No target in view!
No target in view!
No target in view!
Found a faded altar of an unknown god.
A ball python comes into view.
The ball python hisses angrily.
You reach to attack!
You hit the ball python.
The ball python is moderately wounded.
You hit the ball python.
The ball python is severely wounded.
The ball python barely misses you. x2
You closely miss the ball python.
The ball python is severely wounded.
The ball python bites you but does no damage.
The ball python closely misses you.
You hit the ball python.
You kill the ball python!
No target in view!
No target in view!
No target in view!
No target in view!
No target in view!
No target in view!
No target in view!
No target in view!
No target in view!
No target in view!
No target in view!
There is a faded altar of an unknown god here.
You cannot tell which god this altar belongs to.
Convert to them anyway?
Sif Muna accepts your prayer! Sif Muna welcomes you!
You can now call upon Sif Muna for magical energy.
A ball python is nearby!
Save game and exit?
Welcome back, freelancePsychic the Barachi Wanderer.
Sif Muna whispers: I know many secrets...
Press ? for a list of commands and other information.
Are you sure you want to abandon this character and quit the game? (Confirm with "yes".)

.......### >........##
.S.... ..# ## ..#....
#.# ##. ..###... #.##
##..# #..#....##..####
#....###................
#...#...#......÷......
#...@.###...÷÷.......
##†_.## ##...........
####.....# #....##......
#.#...#...#...#.##......
#....###....###.##......
##..## #..## #.##......
##..# ..## #.##......
##.# ### #......... #.#
#)#.......


You could see a ball python.

Vanquished Creatures
  3 endoplasms (D:1)
  2 giant cockroaches (D:1)
  4 goblins (D:1)
  2 hobgoblins (D:1)
  3 quokkas (D:1)
  8 ball pythons (D:1)
  2 bats (D:1)
  A frilled lizard (D:1)
  3 kobolds (D:1)
  A rat (D:1)
29 creatures vanquished.

Notes
Turn   | Place    | Note
-------+----------+-------------------------------------------
     0 | D:1      | freelancePsychic the Barachi Wanderer began the quest for
                  | the Orb.
     0 | D:1      | freelancePsychic set off with the following items: a +2
                  | dagger, a potion of brilliance, a +0 spear, a +0 helmet, a
                  | scroll of summoning, a +0 leather armour
     0 | D:1      | Reached XP level 1. HP: 15/15 MP: 1/1
     2 | D:1      | Noticed a tengu
    20 | D:1      | Noticed an octopode
   195 | D:1      | Reached XP level 2. HP: 21/21 MP: 2/2
   642 | D:1      | Reached XP level 3. HP: 27/27 MP: 3/3
  1004 | D:1      | Found a faded altar of an unknown god.
  1016 | D:1      | Prayed at the altar of an unknown god.
  1016 | D:1      | Became a worshipper of Sif Muna the Loreminder
  1016 | D:1      | Reached * piety under Sif Muna
  1018 | D:1      | Quit the game

Illustrated notes

Levels and vault maps discovered:
D:1:      shiori_arrival_whats_in_store_for_you, layout_basic,
          nicolae_ecumenical_snake_handling, minmay_heptomino_o4

Skill      XL: |  1  2  3 |
---------------+----------+-----
Polearms       | 2 |  2.2
Stealth        | 3 |  3.0
Fighting       | 2 |  2.0
Throwing       | |  1.0
Armour         | |  1.3
Dodging        | |  3.2

Action                   || total
-------------------------++-------
Melee: Spear             ||    97
       Punch             ||     1
 Abil: Hop               ||     1
 Stab: Sleeping          ||     4
Armor: Leather armour    ||    29
       Chain mail        ||     2
Dodge: Dodged            ||    67

Table legend: (Time is in decaauts)
 A = Elapsed time spent in this place.
 B = Non-inter-level travel time spent in this place.
 C = Inter-level travel time spent in this place.
 D = Time resting spent in this place.
 E = Time spent auto-exploring this place.
 F = Levels seen in this place.
 G = Mean time per level.
                   A        B        C        D        E       F      G
               +--------+--------+--------+--------+--------+-----+--------+
         Total |   1122 |   1108 |     14 |      2 |    903 |   1 | 1122.0 |
       Dungeon |   1122 |   1108 |     14 |      2 |    903 |   1 | 1122.0 |
               +--------+--------+--------+--------+--------+-----+--------+

Top non-repeatable levels by time:
     D:1: 1122 daAuts
